[Event "Serbian League Women 2024"]
[Site "Bajina Basta"]
[Date "2024.10.01"]
[Round "5.23"]
[White "Vujovic, Vera"]
[Black "Mehmed, Elif"]
[Result "0-1"]
[ECO "B60"]
[WhiteElo "2175"]
[BlackElo "2228"]
[Annotator "RC"]
[PlyCount "106"]
[EventDate "2024.09.26"]
[EventType "team-tourn"]
[EventCountry "SRB"]
[SourceTitle "playchess.com"]
[Source "ChessBase"]
[SourceQuality "1"]
[TimeControl "40/5400+30:1800+30"]

1. e4 c5 2. Nf3 d6 3. d4 cxd4 4. Nxd4 Nf6 5. Nc3 Nc6 6. Bg5 Bd7 7. Nb3 a6 8. Bd3 e6 9. Qd2 Be7 10. O-O-O b5 11. f3 b4 12. Bxf6 Bxf6 13. Ne2 Qb6 14. Kb1 a5 15. f4 a4 16. Nbc1 Na5 17. h4 Rc8 18. Rh3 h5 19. Qe3 Rc5 20. Rf1 Qc7 21. Ng1 Nc4 22. Bxc4 Rxc4 23. Qe2 O-O 24. Nf3 Rc8 25. Ne1 Bb5 26. Rf2 Bd4 27. Rff3 Qb6 28. Qd1 a3 29. b3 R4c7 30. Ne2 Bf2 31. c4 bxc3 32. Nxc3 Bd4 33. Qd2 Qc5 34. Nc2 Bf6 35. Qc1 Be2 36. Re3 Bg4 37. Rhg3 Bxh4 38. Nxa3 Bxg3 39. Rxg3 Qf2 40. Rd3 Qxg2 41. Nab5 Qxe4 42. Qc2 Qe1+ 43. Kb2 Bf5 44. Qd1 Qxd1 45. Rxd1 Rc6 46. a4 h4 47. a5 h3 48. b4 Bg4 49. Rh1 Rb8 50. Kb3 e5 51. Ka4 Bd7 52. Nd5 Ra6 53. Ndc3 exf4 0-1

[Event "Serbian League Women 2024"]
[Site "Bajina Basta"]
[Date "2024.10.01"]
[Round "5.24"]
[White "Manakova, Maria"]
[Black "Nestorovic, Katarina"]
[Result "1-0"]
[ECO "B81"]
[WhiteElo "2185"]
[BlackElo "2038"]
[Annotator "RC"]
[PlyCount "123"]
[EventDate "2024.09.26"]
[EventType "team-tourn"]
[EventCountry "SRB"]
[SourceTitle "playchess.com"]
[Source "ChessBase"]
[SourceQuality "1"]
[TimeControl "40/5400+30:1800+30"]

1. e4 c5 2. Nf3 e6 3. d4 cxd4 4. Nxd4 Nf6 5. Nc3 d6 6. g4 h6 7. h3 a6 8. Bg2 Be7 9. Be3 Nc6 10. Qd2 Nxd4 11. Qxd4 e5 12. Qd2 b5 13. O-O-O b4 14. Nd5 Nxd5 15. exd5 a5 16. Be4 Bg5 17. Kb1 Ba6 18. h4 Bxe3 19. Qxe3 Qf6 20. Rde1 Qf4 21. Qxf4 exf4 22. Bd3+ Kd7 23. Bxa6 Rxa6 24. Re4 Re8 25. Rxf4 f6 26. f3 Raa8 27. Kc1 Re2 28. Re4 Re8 29. Rxe8 Kxe8 30. Rd1 g6 31. a3 bxa3 32. bxa3 h5 33. gxh5 gxh5 34. Rd4 Kf7 35. Kb2 f5 36. Kb3 Kf6 37. f4 Rh2 38. Ka4 Rh3 39. c4 Ke7 40. Rd1 Rc3 41. Rd4 Kd7 42. Kxa5 Rxa3+ 43. Kb4 Rh3 44. c5 dxc5+ 45. Kxc5 Rxh4 46. Ra4 Rg4 47. d6 Rg1 48. Ra7+ Kd8 49. Rh7 Rf1 50. Kc6 Rc1+ 51. Kd5 Re1 52. Rxh5 Kd7 53. Rh7+ Ke8 54. Rh6 Kd7 55. Rf6 Ra1 56. Rf7+ Ke8 57. Rxf5 Rd1+ 58. Ke6 Re1+ 59. Re5 Rh1 60. f5 Rh6+ 61. f6 Kd8 62. Ra5 1-0